[Event "Late-Titled-Tuesday-Blitz-February-13-2024"]
[Site "Chess.com"]
[Date "2024.02.13"]
[Round "6"]
[White "andjela_djidjika"]
[Black "Hirna2005"]
[Result "1-0"]
[WhiteElo "2127"]
[BlackElo "2292"]
[TimeControl "180+1"]
[EndTime "15:07:16 PST"]
[Termination "andjela_djidjika won on time"]

1. e4 g6 2. h4 d5 3. exd5 Qxd5 4. Nc3 Qa5 5. d4 Nf6 6. Nf3 Bg4 7. Be2 Nc6 8. Bd2 O-O-O 9. Nb5 Qb6 10. c3 e5 11.
Nxe5 Nxe5 12. dxe5 Ne4 13. Bxg4+ Kb8 14. Nd4 c5 15.
Nf3 h5 16. Bh3 Bh6 17. O-O Nxd2 18. Nxd2 Rxd2 19. Qf3 Rf8 20. b4 c4 21. a4 Rd3 22.
Qe4 Rxc3 23. e6 fxe6 24. Qe5+ Qc7 25. Qxc3 Bg7 26. Qc2 Bxa1 27. Rxa1 a6 28. b5 Rf4 29.
bxa6 bxa6 30. Rb1+ Ka7 31. Bxe6 Rxh4 32. Qc3 Qh2+ 33.
Kf1 Qh1+ 34. Ke2 Re4+ 35. Kf3 Qxb1 36. Qg7+ Kb6 37. a5+ Kxa5 38. Qc7+ Ka4 39. Qc6+ Ka3 40. Qxa6+ Kb2 41. Qb6+ Kc3 42. Qxb1 Rxe6 43. Qc1+ Kd4 44. Qd1+ Kc5 45. Qc2 Rf6+ 46. Kg3 g5 47. f3 1-0

[Event "Late-Titled-Tuesday-Blitz-February-13-2024"]
[Site "Chess.com"]
[Date "2024.02.13"]
[Round "6"]
[White "Fjal"]
[Black "tarno17"]
[Result "1/2-1/2"]
[WhiteElo "2233"]
[BlackElo "2122"]
[TimeControl "180+1"]
[EndTime "15:07:20 PST"]
[Termination "Game drawn - insufficient material"]

1. Nf3 d5 2. g3 Nd7 3. Bg2 e5 4. d3 Ngf6 5. O-O Bd6 6. c4 c6 7. Nc3 O-O 8. Qb3 Nc5 9. Qc2 Re8 10. Bg5 dxc4 11. dxc4 Bg4 12. Rad1 Qe7 13. b4 Ne6 14. Bxf6 gxf6 15. c5 Bc7 16. Nh4 Ng7 17. Be4 h6 18. h3 Bxh3 19. Rfe1 Rad8 20. Nf5 Nxf5 21. Bxf5 Bxf5 22.
Qxf5 Qe6 23. Qh5 f5 24. Qh4 Qg6 25. Kg2 Qg5 26. Qh3 e4 27. e3 Kg7 28. Ne2 Rd3 29.
Nd4 Rxd1 30. Rxd1 Kg6 31. Ne2 Rd8 32. Rxd8 Qxd8 33. Nd4 Qg5 34. Qh1 Be5 35. Ne2 Qf6 36.
Qd1 Kg7 37. Qd7 b6 38. Qxa7 bxc5 39. Qxc5 h5 40. Nf4 Bxf4 41. exf4 h4 42. Qe5 hxg3 43.
Qxf6+ Kxf6 44. Kxg3 Ke6 45. a4 Kd5 46. Kh4 Kc4 47.
a5 Kb5 48. Kg5 c5 49. bxc5 Kxa5 50. Kxf5 Kb5 51. Kxe4 Kxc5 52. Kf5 Kd6 53. Kf6 Kd5 54.
Kxf7 Ke4 55. f5 Kxf5 56. Ke7 Kf4 57. Kd6 Kf3 58. Ke6 Kxf2 1/2-1/2

[Event "Late-Titled-Tuesday-Blitz-February-13-2024"]
[Site "Chess.com"]
[Date "2024.02.13"]
[Round "6"]
[White "TheSilmarils"]
[Black "Jospem"]
[Result "0-1"]
[WhiteElo "2847"]
[BlackElo "3034"]
[TimeControl "180+1"]
[EndTime "15:07:21 PST"]
[Termination "Jospem won by resignation"]

1. Nf3 Nf6 2. c4 b6 3. g3 Bb7 4.
Bg2 g6 5. b3 Bg7 6. Bb2 O-O 7.
O-O e6 8. Nc3 d6 9. Qc2 c5 10.
Rad1 Qe7 11. e3 Nc6 12. d4 cxd4 13. exd4 d5 14. Qe2 dxc4 15. bxc4 Na5 16. d5 Rfd8 17. Nb5 Qc5 18. dxe6 Qxc4 19. exf7+ Qxf7 20. Nd6 Rxd6 21. Rxd6 Re8 22. Qd3 Be4 23. Qd1 Nc4 24. Bxf6 Nxd6 25.
Bxg7 Bxf3 26. Bxf3 Kxg7 27. Qxd6 Qxf3 28. Rc1 Kg8 29. h4 b5 30. Qd2 Qf7 31. Qd6 Qf3 32. Qc5 a6 33. Qd6 Qb7 34. Kh2 Qf3 35. Qd4 Rf8 36.
Kg1 Qf6 37. Qd5+ Qf7 38. Qc5 Qxa2 39. Rc2 Qe6 40. Rd2 Qe1+ 41. Kg2 Qxd2 0-1

[Event "Late-Titled-Tuesday-Blitz-February-13-2024"]
[Site "Chess.com"]
[Date "2024.02.13"]
[Round "6"]
[White "miraitrunks"]
[Black "dolynachess"]
[Result "0-1"]
[WhiteElo "2213"]
[BlackElo "2484"]
[TimeControl "180+1"]
[EndTime "15:07:22 PST"]
[Termination "dolynachess won by checkmate"]

1. e4 c5 2. c3 d5 3. exd5 Qxd5 4. Nf3 Nc6 5. d4 Bg4 6. Be2 e6 7. Na3 cxd4 8. Nb5 Rc8 9. Nbxd4 Nxd4 10. Qxd4 Qxd4 11.
Nxd4 Bxe2 12. Kxe2 Bc5 13. Be3 Nf6 14. f3 Nd5 15. Bd2 Bxd4 16. cxd4 Rc2 17. Rac1 Rxc1 18. Rxc1 Kd7 19. Kd3 Rc8 20. Rxc8 Kxc8 21. a3 Kd7 22. Bc1 Kc6 23. Bd2 Kb5 24. b3 b6 25. g3 h5 26. Ke4 a5 27. a4+ Ka6 28. Ke5 b5 29.
axb5+ Kxb5 30. Kd6 a4 31. bxa4+ Kxa4 32. Kd7 Kb3 33. Ke8 Kc2 34. Kxf7 Kxd2 35. Kxe6 Nc7+ 36. Kd6 Nb5+ 37. Kc5 Nc7 38. d5 Ke3 39. d6 Ne6+ 40. Kd5 Nd8 41. f4 Kf3 42. Ke5 Kg2 43. Kf5 Kxh2 44.
g4 h4 45. Kg6 h3 46. Kxg7 Kg3 47. f5 h2 48. f6 h1=Q 49. f7 Nxf7 50. Kxf7 Qf3+ 51. Ke7 Qe4+ 52. Kd8 Qa8+ 53. Kc7 Qa7+ 54. Kc6 Qa6+ 55. Kc7 Qc4+ 56. Kd8 Qg8+ 57. Ke7 Qg7+ 58.
Kd8 Qxg4 59. d7 Qg8+ 60. Kc7 Qc4+ 61. Kb8 Qb5+ 62. Kc8 Qc6+ 63. Kd8 Kf4 64. Ke7 Qe4+ 65. Kf8 Qf5+ 66. Ke7 Qe5+ 67. Kf8 Qd6+ 68. Ke8 Qe6+ 69. Kd8 Ke5 70. Kc7 Qd6+ 71. Kc8 Qc6+ 72. Kd8 Ke6 73. Ke8 Qxd7+ 74. Kf8 Qf7# 0-1

[Event "Late-Titled-Tuesday-Blitz-February-13-2024"]
[Site "Chess.com"]
[Date "2024.02.13"]
[Round "6"]
[White "ChessLover0108"]
[Black "Grossboss19"]
[Result "1-0"]
[WhiteElo "2975"]
[BlackElo "2624"]
[TimeControl "180+1"]
[EndTime "15:07:23 PST"]
[Termination "ChessLover0108 won on time"]

1. c4 e6 2. Nc3 d5 3. d4 Nf6 4. cxd5 exd5 5. Bg5 Be7 6. e3 O-O 7. Bd3 Re8 8. Nge2 h6 9. Bh4 c6 10. O-O Nh5 11. Bxe7 Qxe7 12. Rb1 a5 13. a3 Na6 14. Na4 Nf6 15. Nb6 Ra7 16. Qa4 Nc7 17. b4 Nd7 18.
Nxc8 Rxc8 19. bxa5 Rca8 20. Qb3 Rb8 21. Qb4 Kf8 22.
Rfc1 Na6 23. Qc3 Rba8 24. Bxa6 Rxa6 25. Rxb7 R8a7 26. Rxa7 Rxa7 27. Qxc6 Rxa5 28. Nf4 Nf6 29. a4 g5 30. Nd3 Kg7 31. Ne5 Qa3 32. Qc7 Ra7 33. Qc8 Rxa4 34. h3 Ra7 35. Rb1 Ne4 36.
Rb8 Kf6 37. Qh8+ Kf5 38. g4+ Ke6 39. Rb6+ Nd6 40. Qc8+ Kf6 41. Qd8+ Ke6 42. Kg2 Re7 43. Nd3 Rd7 44. Nc5+ Qxc5 45. Qxd7+ Kxd7 46. dxc5 Ne4 47. Rxh6 Nxc5 48. Rf6 Ke7 49. Rf5 Ne6 50. Rxd5 Kf6 51.
Rf5+ Kg6 52. Re5 f6 53. Rxe6 1-0

[Event "Late-Titled-Tuesday-Blitz-February-13-2024"]
[Site "Chess.com"]
[Date "2024.02.13"]
[Round "6"]
[White "RandomNoob04"]
[Black "KNVB"]
[Result "0-1"]
[WhiteElo "2609"]
[BlackElo "2851"]
[TimeControl "180+1"]
[EndTime "15:07:24 PST"]
[Termination "KNVB won by resignation"]

1. e4 b6 2. d4 Bb7 3. Bd3 e6 4. Nf3 d5 5. exd5 Qxd5 6. O-O Nf6 7. Nc3 Qh5 8. Be2 Bd6 9. Ne5 Qh4 10. g3 Qh3 11. Bf3 Bxf3 12. Qxf3 c6 13. Ne4 Bxe5 14. dxe5 Nxe4 15. Qxe4 Qf5 16. Qxf5 exf5 17. Rd1 Nd7 18.
Bf4 O-O-O 19. Rd6 Nb8 20. Rad1 Rxd6 21. Rxd6 Re8 22. Kg2 Re6 23. Kf3 Rxd6 24. exd6 Kd7 25. Ke3 f6 26. h4 Ke6 27. Kd4 Nd7 28. c4 c5+ 29. Kc3 Ne5 30. b4 Kxd6 31. b5 Ke6 32.
a4 g6 33. a5 bxa5 34. Bh6 Ke7 35. Kb3 a4+ 36. Kc3 Ng4 37. Bf4 Nxf2 38. Bb8 Kd7 39.
Bxa7 Ne4+ 40. Kb2 Kc7 41. Ka3 Kb7 42. b6 Nxg3 43. Kxa4 Ne4 44. Kb5 f4 45. Bb8 Kxb8 46. Kc6 f3 0-1

[Event "Late-Titled-Tuesday-Blitz-February-13-2024"]
[Site "Chess.com"]
[Date "2024.02.13"]
[Round "6"]
[White "AldokhinIvan"]
[Black "Abduzhaparov"]
[Result "0-1"]
[WhiteElo "2648"]
[BlackElo "2443"]
[TimeControl "180+1"]
[EndTime "15:07:24 PST"]
[Termination "Abduzhaparov won by checkmate"]

1. e4 d6 2. d4 Nf6 3. Nc3 e5 4. Nf3 Nbd7 5. g4 g6 6. g5 Nh5 7. Bc4 Bg7 8. Be3 O-O 9. Qd2 c6 10. O-O-O b5 11. Bb3 a5 12. a4 b4 13. Ne2 Qe7 14.
Ng3 Nf4 15. Bxf4 exf4 16. Qxf4 Ba6 17. h4 c5 18. Bd5 Rac8 19. h5 cxd4 20. hxg6 hxg6 21.
Qh4 Rfd8 22. Qh7+ Kf8 23. Rh6 Nc5 24. Rdh1 Qc7 25. Kd2 Ne6 26. Bb3 d5 27. e5 d3 28.
Rxg6 fxg6 29. Qxg6 Qf7 30. Qxf7+ Kxf7 31. Nf5 Kg8 32.
N3h4 Bc4 33. Ne7+ Kf7 34. Nxc8 Rxc8 35. g6+ Kg8 36. Nf5 Bxe5 37. Ne7+ Kg7 38. Nxc8 Bf4+ 39. Kd1 Nd4 40. Bxc4 dxc2+ 41. Ke1 c1=Q# 0-1

[Event "Late-Titled-Tuesday-Blitz-February-13-2024"]
[Site "Chess.com"]
[Date "2024.02.13"]
[Round "6"]
[White "GMRAVEN_ON_YOUTUBE"]
[Black "ozates"]
[Result "1-0"]
[WhiteElo "2782"]
[BlackElo "2582"]
[TimeControl "180+1"]
[EndTime "15:07:25 PST"]
[Termination "GMRAVEN_ON_YOUTUBE won by checkmate"]

1. f4 c5 2. Nf3 Nc6 3. e3 d6 4. d4 Bg4 5. d5 Nb8 6. e4 g6 7. Nc3 Bg7 8. e5 a6 9. e6 fxe6 10. h3 Bxf3 11. Qxf3 exd5 12. Nxd5 Nf6 13. Bc4 Nc6 14. c3 e6 15. Nxf6+ Qxf6 16. Qe4 Nd8 17. O-O O-O 18. Bd3 d5 19. Qe3 d4 20. Qe4 dxc3 21.
bxc3 Qxc3 22. Be3 Nc6 23. Rac1 Qb4 24. Rc4 Qb2 25. Bxc5 Rfe8 26. Rb1 Qxa2 27. Rxb7 Qa1+ 28. Kh2 Na5 29. Ra4 Nxb7 30. Rxa1 Nxc5 31. Qc4 Nxd3 32. Ra3 Nb2 33. Qc6 a5 34. Rb3 Rf8 35. Rb7 Rab8 36. Ra7 Kh8 37. Qd7 Rg8 38. Qxe6 a4 39. h4 Rb4 40.
Qf7 Nd3 41. f5 Rxh4+ 42. Kg3 Rh5 43. f6 Bf8 44. Rd7 Ne5 45. Qe6 Nxd7 46. Qxd7 Bc5 47.
Qc7 Rf8 48. Qg7# 1-0

[Event "Late-Titled-Tuesday-Blitz-February-13-2024"]
[Site "Chess.com"]
[Date "2024.02.13"]
[Round "6"]
[White "TheAlienParty"]
[Black "Dinamo3"]
[Result "1-0"]
[WhiteElo "2420"]
[BlackElo "2516"]
[TimeControl "180+1"]
[EndTime "15:07:25 PST"]
[Termination "TheAlienParty won on time"]

1. c4 Nf6 2. g3 g6 3. Bg2 Bg7 4. Nc3 O-O 5. e3 d6 6. Nge2 e5 7. O-O Nc6 8. d4 Bg4 9. h3 Bd7 10. Rb1 a5 11. a3 Re8 12. d5 Nb8 13. b4 Na6 14. Kh2 Nh5 15. e4 f5 16. exf5 gxf5 17. c5 axb4 18. c6 bxc6 19. dxc6 Be6 20. axb4 f4 21.
Ne4 Rf8 22. b5 f3 23. Bxf3 Rxf3 24. bxa6 Rf8 25. Ng5 Bc4 26. Qc2 Nf6 27. Qxc4+ d5 28. Qa2 Qc8 29. Rb7 h6 30. Nc3 hxg5 31. Nxd5 Nxd5 32.
Qxd5+ Kh8 33. Bxg5 Rxa6 34. Qc4 Ra3 35. Rb4 Qf5 36.
Qc5 Rf3 37. Rh4+ Kg8 38. Qd5+ Rf7 39. Be3 Bf8 40. Rf4 exf4 41. Qxf5 Rxf5 42. g4 1-0

[Event "Late-Titled-Tuesday-Blitz-February-13-2024"]
[Site "Chess.com"]
[Date "2024.02.13"]
[Round "6"]
[White "stregachess"]
[Black "Jamal-Jamal-Jamal"]
[Result "1-0"]
[WhiteElo "2070"]
[BlackElo "2255"]
[TimeControl "180+1"]
[EndTime "15:07:27 PST"]
[Termination "stregachess won on time"]

1. d4 e6 2. Nf3 d5 3. Bf4 Nf6 4. e3 Bd6 5. Bg3 b6 6. Nbd2 Bb7 7. Bd3 c5 8. Bb5+ Nc6 9. Ne5 Rc8 10. c3 O-O 11. Nxc6 Bxc6 12. Ba6 Rb8 13. Bd3 Ne4 14.
Qh5 f5 15. Bxd6 Qxd6 16. Nf3 cxd4 17. exd4 Be8 18. Qh3 h6 19. Bxe4 fxe4 20. Ne5 Bb5 21. a4 Ba6 22. b4 Bd3 23. Nxd3 exd3 24. Qxd3 e5 25. O-O e4 26. Qe3 Rf5 27. f3 Rh5 28.
h3 Re8 29. fxe4 Rxe4 30. Qf3 Rg5 31. Rae1 Qe6 32. Rxe4 dxe4 33. Qe3 Kh7 34. Rd1 Qd5 35. Rc1 Rg6 36. c4 Qd6 37. c5 bxc5 38. dxc5 Qc6 39. b5 Qc7 40. c6 Rg3 41. Qxe4+ Kh8 42. Rc2 Qb6+ 43. Kh2 Qc7 44. Kh1 Ra3 45. Rc1 Rg3 46. Rf1 1-0

[Event "Late-Titled-Tuesday-Blitz-February-13-2024"]
[Site "Chess.com"]
[Date "2024.02.13"]
[Round "6"]
[White "andrzej"]
[Black "egnfanclub"]
[Result "0-1"]
[WhiteElo "2508"]
[BlackElo "2352"]
[TimeControl "180+1"]
[EndTime "15:07:28 PST"]
[Termination "egnfanclub won by checkmate"]

1. e4 e5 2. Nf3 Nc6 3. Bb5 a6 4. Ba4 d6 5. O-O Bg4 6. h3 h5 7. Bxc6+ bxc6 8. d4 Qf6 9. Nbd2 Ne7 10. Re1 Bd7 11. Nc4 Ng6 12. a4 Qe6 13. b3 f6 14.
Qd3 Be7 15. Ne3 Nf4 16. Qc4 g5 17. Qxe6 Bxe6 18. Bb2 g4 19. hxg4 hxg4 20. Nh2 Rg8 21. Nhf1 Kf7 22. Ng3 Rh8 23. Ngf5 Rh7 24. Ng3 Rah8 25.
Rad1 Rh2 26. c4 Bc8 27. c5 R2h7 28. cxd6 Bxd6 29. Nc4 Ke7 30. dxe5 fxe5 31. Bxe5 Bxe5 32. Nxe5 Rh2 33. Nxc6+ Kf6 34. e5+ Kg6 35. Rd8 Rxg2+ 36. Kf1 Rhh2 37. Rg8+ Kf7 38. Ne4 Kxg8 39. Nf6+ Kf7 40. Nd8+ Ke7 41. Ne4 Bf5 42. f3 Kxd8 43. Rd1+ Ke7 44. Re1 Bxe4 45. Rxe4 Rh1# 0-1

[Event "Late-Titled-Tuesday-Blitz-February-13-2024"]
[Site "Chess.com"]
[Date "2024.02.13"]
[Round "6"]
[White "topce"]
[Black "norwaytoadog"]
[Result "1-0"]
[WhiteElo "2400"]
[BlackElo "2212"]
[TimeControl "180+1"]
[EndTime "15:07:28 PST"]
[Termination "topce won on time"]

1. c4 e5 2. Nc3 Nf6 3. d3 Nc6 4. Nf3 Bb4 5. Bd2 O-O 6. a3 Bxc3 7. Bxc3 Re8 8. e3 d5 9. cxd5 Nxd5 10. Rc1 a5 11. b3 Nxc3 12. Rxc3 Qd6 13. Qc1 Be6 14.
Be2 Rad8 15. O-O Re7 16. Qb2 Bd5 17. Rfc1 e4 18. dxe4 Bxe4 19. Rc5 b6 20. Rg5 f6 21. Bc4+ Kh8 22. Rg3 Ne5 23. Nxe5 Rxe5 24. f3 Bb7 25. e4 c5 26. a4 Qd2 27. Qxd2 Rxd2 28. Re1 g6 29. f4 Rxe4 30. Rge3 f5 31. Rxe4 Bxe4 32. Re2 Rxe2 33. Bxe2 Bd5 34. Bc4 Bc6 35.
g3 Kg7 36. Kf2 Kf6 37. Ke3 Ke7 38. h4 Kd6 39. Bg8 Bd5 40. Bxh7 Bxb3 41. Bxg6 Bg8 42. Bxf5 Kd5 43. g4 c4 44. h5 c3 45. Bc2 Kc4 46. g5 b5 47. axb5 Kxb5 48. g6 Kb4 49. h6 1-0

[Event "Late-Titled-Tuesday-Blitz-February-13-2024"]
[Site "Chess.com"]
[Date "2024.02.13"]
[Round "6"]
[White "dosto07"]
[Black "Jahonas"]
[Result "0-1"]
[WhiteElo "2523"]
[BlackElo "2395"]
[TimeControl "180+1"]
[EndTime "15:07:29 PST"]
[Termination "Jahonas won by resignation"]

1. e4 c6 2. d4 d5 3. Nc3 dxe4 4. Nxe4 Nf6 5. Nxf6+ exf6 6. c3 Bd6 7. Bd3 Be6 8. Ne2 Qc7 9. h3 Nd7 10. Be3 f5 11. Qd2 h5 12. Bf4 g6 13. O-O O-O 14.
Rfe1 Rfe8 15. Bxd6 Qxd6 16. Qf4 Qxf4 17. Nxf4 Nf8 18.
Re3 Red8 19. b3 a5 20. Bc2 Rd7 21. a3 Rd6 22. Ree1 b5 23. Nd3 a4 24. b4 Bd5 25. Nc5 Ne6 26. f3 h4 27. Kf2 Kg7 28.
Re5 Bc4 29. Rae1 Nc7 30. Nb7 Re6 31. Rxe6 Bxe6 32. Na5 Nd5 33. c4 bxc4 34. Bxa4 Nf4 35. Ra1 c3 36. Bxc6 Rd8 37. Ke3 Nxg2+ 38. Kd3 Nf4+ 39. Kxc3 Ne2+ 40. Kb2 Nxd4 41. Rd1 Nxc6 42. Rxd8 Nxd8 43. b5 Bd5 44. f4 g5 45. fxg5 f4 46.
Kc3 f3 47. Kd2 Kg6 48. Ke3 Kxg5 49. b6 Nb7 50. Nxb7 Bxb7 51. a4 f2 52. Kxf2 Kf4 53. a5 f6 54. Ke2 Kg3 55. Ke3 Kxh3 56. Kf4 Kg2 57. Kf5 h3 58. Kxf6 h2 59. Ke7 h1=Q 60.
Kd7 Qf1 61. Kc7 Qa6 62. Kb8 Bc6 63. Kc7 Bb7 64. Kb8 Bf3 65. Kc7 Qxa5 0-1

[Event "Late-Titled-Tuesday-Blitz-February-13-2024"]
[Site "Chess.com"]
[Date "2024.02.13"]
[Round "6"]
[White "Genghis_K"]
[Black "aa175"]
[Result "1-0"]
[WhiteElo "2919"]
[BlackElo "2697"]
[TimeControl "180+1"]
[EndTime "15:07:30 PST"]
[Termination "Genghis_K won by resignation"]

1. e4 e5 2. Nf3 Nf6 3. d4 Nxe4 4. Bd3 d5 5. Nxe5 Nd7 6. Nc3 Nxe5 7. dxe5 Bb4 8. O-O Nxc3 9. bxc3 Bxc3 10. Rb1 O-O 11. Bxh7+ Kxh7 12. Qd3+ Kg8 13. Qxc3 a5 14. f4 d4 15. Qd3 Qd5 16. c4 Qc6 17. f5 b6 18.
Qg3 Bxf5 19. Rxf5 Qe4 20. Rg5 Qxb1 21. Rxg7+ Kh8 22. Qg5 Qxc1+ 23. Qxc1 Kxg7 24. Qg5+ Kh8 25. Qh4+ Kg8 26. Qg4+ Kh7 27. Qe4+ Kg8 28. Qxd4 Rad8 29. Qg4+ Kh7 30. Qh5+ Kg8 31. h4 Rfe8 32. Qg5+ Kh7 33. Qf5+ Kg8 34. h5 Rd1+ 35. Kh2 Rd4 36. Qg5+ Kh7 37.
Qf6 Rg8 38. e6 Rdg4 39. Qf5+ Kh6 40. exf7 Rxg2+ 41. Kh3 R8g3+ 42. Kh4 Rg4+ 43. Qxg4 Rxg4+ 44. Kxg4 Kg7 45. Kf5 Kxf7 46. Ke5 c6 47. a4 Kg7 48. Kd4 Kh6 49. c5 bxc5+ 50. Kxc5 Kxh5 51. Kxc6 Kg6 52. Kb6 Kf7 53. Kxa5 Ke8 54. Kb6 Kd8 55. Kb7 1-0

[Event "Late-Titled-Tuesday-Blitz-February-13-2024"]
[Site "Chess.com"]
[Date "2024.02.13"]
[Round "6"]
[White "Walter_White_Poland"]
[Black "Yushko_Olga"]
[Result "1-0"]
[WhiteElo "2427"]
[BlackElo "2220"]
[TimeControl "180+1"]
[EndTime "15:07:32 PST"]
[Termination "Walter_White_Poland won by checkmate"]

1. d4 e6 2. Bf4 Nf6 3. e3 d5 4.
Nf3 c5 5. Nbd2 Nc6 6. c3 Bd6 7. Bg3 O-O 8. Bd3 a6 9. Ne5 cxd4 10. exd4 Qc7 11. Qe2 b5 12. Ndf3 b4 13. O-O bxc3 14.
bxc3 Bb7 15. Rab1 Na5 16. Rfc1 Rfc8 17. h3 Nc4 18. Nxc4 Bxg3 19. Nb6 Bxf2+ 20. Qxf2 Ne4 21. Bxe4 dxe4 22. Nxa8 Bxa8 23. Ne5 f6 24. Ng4 Qc4 25. Ne3 Qc6 26. c4 Qd7 27. d5 exd5 28. cxd5 Re8 29.
Qd2 f5 30. d6 f4 31. Ng4 e3 32. Qd4 Qf5 33. d7 Rd8 34. Kh2 f3 35. Rc8 Rxc8 36. dxc8=Q+ Qxc8 37. Nxe3 Qc7+ 38. Kg1 f2+ 39. Kxf2 Qf7+ 40.
Kg1 h6 41. Rb8+ Kh7 42. Qd3+ g6 43. Rd8 Bc6 44. Rd6 Bb5 45. Qd4 Qc7 46. Rf6 Qc1+ 47.
Kh2 Qc7+ 48. Qf4 Qg7 49. Rf7 g5 50. Rxg7+ Kxg7 51. Qf5 Be8 52. Qe5+ Kg6 53. g4 Bf7 54. Nf5 Kh7 55. Qg7# 1-0

[Event "Late-Titled-Tuesday-Blitz-February-13-2024"]
[Site "Chess.com"]
[Date "2024.02.13"]
[Round "6"]
[White "pedroholly22"]
[Black "pinguino120"]
[Result "0-1"]
[WhiteElo "2517"]
[BlackElo "2361"]
[TimeControl "180+1"]
[EndTime "15:07:33 PST"]
[Termination "pinguino120 won on time"]

1. e4 c6 2. d4 d5 3. e5 Bf5 4. h4 h6 5. g4 Bd7 6. f4 Qc8 7. Be2 h5 8. gxh5 Nh6 9. c3 Nf5 10. Bg4 Ng3 11. Bxd7+ Qxd7 12. Rh3 Nxh5 13. Nd2 Nxf4 14.
Rh2 e6 15. Qf3 Nh5 16. Nf1 Be7 17. Bg5 Na6 18. Ne2 c5 19. Ne3 cxd4 20. Nxd4 Nc5 21. O-O-O Ne4 22. Bxe7 Qxe7 23. Nb5 a6 24. Nd4 O-O-O 25.
Rg1 g6 26. Ng4 Kb8 27. Qe3 Rc8 28. Kb1 Qc5 29. Nh6 Rh7 30. Ng4 Ng7 31. Nf6 Nxf6 32. exf6 Nh5 33. Ka1 Qc7 34. Rf2 Rhh8 35. a3 e5 36. Nf3 Rhe8 37. Ng5 Rcd8 38. Rd1 Re6 39. Nxe6 fxe6 40. f7 Rf8 41. Rdf1 Nf4 42. Rxf4 exf4 43. Rxf4 Rxf7 44. Rg4 Rf1+ 45. Ka2 Qf7 46. Qe5+ Ka8 47. h5 gxh5 0-1

[Event "Late-Titled-Tuesday-Blitz-February-13-2024"]
[Site "Chess.com"]
[Date "2024.02.13"]
[Round "6"]
[White "GMBenjaminBok"]
[Black "nihalsarin"]
[Result "1/2-1/2"]
[WhiteElo "2986"]
[BlackElo "3187"]
[TimeControl "180+1"]
[EndTime "15:07:35 PST"]
[Termination "Game drawn - insufficient material"]

1. d4 Nf6 2. c4 g6 3. g3 c5 4. dxc5 Na6 5. Bg2 Nxc5 6. Nc3 Bg7 7. Nf3 O-O 8. O-O b6 9. Nd4 Bb7 10. Bxb7 Nxb7 11. e4 Rc8 12. b3 d5 13. exd5 Nxd5 14.
Nxd5 e6 15. Ba3 Nc5 16. Rc1 exd5 17. cxd5 Qxd5 18. Nb5 Nd3 19. Nc7 Qd8 20. Bxf8 Nxc1 21. Bxg7 Kxg7 22. Qxc1 Rxc7 23. Qb2+ Qf6 24. Rb1 h5 25.
Kg2 Qxb2 26. Rxb2 Kf6 27. Rd2 Ke5 28. Kf3 g5 29. h3 f6 30. Ke3 Rc3+ 31. Rd3 Rxd3+ 32.
Kxd3 g4 33. hxg4 hxg4 34. Ke3 f5 35. f3 gxf3 36. Kxf3 a5 37. a4 Ke6 38. Kf4 Kf6 39. Ke3 Kg6 40. Kf4 Kf6 41. Ke3 Kf7 42. Kf4 Kg6 43. g4 fxg4 44. Kxg4 Kf6 45. Kf4 Ke6 46. Ke4 Kd6 47. Kd4 Kc6 48. Kc4 b5+ 49. axb5+ Kb6 50. Kc3 Kxb5 51. Kb2 a4 52. bxa4+ Kxa4 1/2-1/2

[Event "Late-Titled-Tuesday-Blitz-February-13-2024"]
[Site "Chess.com"]
[Date "2024.02.13"]
[Round "6"]
[White "Zhigalko_Sergei"]
[Black "ChessQueen"]
[Result "1-0"]
[WhiteElo "2931"]
[BlackElo "2704"]
[TimeControl "180+1"]
[EndTime "15:07:35 PST"]
[Termination "Zhigalko_Sergei won on time"]

1. e4 c6 2. d4 d5 3. e5 c5 4. Nf3 Nc6 5. dxc5 e6 6. a3 Bxc5 7.
b4 Bb6 8. Bb2 Nge7 9. Bd3 Ng6 10.
O-O Nf4 11. c4 Nxd3 12. Qxd3 dxc4 13. Qxc4 O-O 14. Nbd2 Ne7 15. Qg4 Bd7 16. Ne4 Bc6 17. Rfd1 Qb8 18. Nf6+ Kh8 19. Nxh7 Bxf3 20. Qh3 Bg4 21.
Qxg4 Kxh7 22. Qh4+ Kg8 23. Qxe7 Rd8 24. h4 a5 25. b5 Qc7 26. Qxc7 Bxc7 27. a4 Bb6 28. Kf1 Rd5 29. Rxd5 exd5 30. Ke2 Rd8 31. f4 Kf8 32. f5 Ke7 33. g4 Rh8 34. h5 Rc8 35. Rc1 Rd8 36. Kd3 g6 37. hxg6 fxg6 38. Rh1 gxf5 39. gxf5 Rg8 40. Rh7+ Kd8 41. e6 Rg3+ 42. Kc2 Rg2+ 43.
Kb3 d4 44. f6 Bc5 45. Rh8+ Kc7 46. e7 Rg3+ 47. Ka2 1-0

[Event "Late-Titled-Tuesday-Blitz-February-13-2024"]
[Site "Chess.com"]
[Date "2024.02.13"]
[Round "6"]
[White "Durarbayli"]
[Black "BogdanDeac"]
[Result "1/2-1/2"]
[WhiteElo "2943"]
[BlackElo "3019"]
[TimeControl "180+1"]
[EndTime "15:07:36 PST"]
[Termination "Game drawn - insufficient material"]

1. e4 e5 2. Nf3 Nc6 3. d4 exd4 4. Nxd4 Nf6 5. Nxc6 bxc6 6. e5 Qe7 7. Qe2 Nd5 8.
h4 d6 9. exd6 cxd6 10. Na3 Bf5 11. Bd2 Nb6 12. c4 Qe6 13. O-O-O Qxe2 14. Bxe2 d5 15. cxd5 Bxa3 16. bxa3 cxd5 17. Bb5+ Bd7 18. Rde1+ Kd8 19. Ba6 Bc8 20. Bd3 Bd7 21. Ba6 Bc8 22. Bd3 Bd7 23. Bc3 Rc8 24. Kd2 f6 25. h5 h6 26. Rh4 Nc4+ 27. Bxc4 Rxc4 28. Rxc4 dxc4 29.
Re4 Bb5 30. a4 Bxa4 31. Rxc4 Bd7 32. Bd4 a6 33. f3 Ke7 34. Rc7 Rc8 35. Ra7 Rc6 36.
a4 Ke8 37. a5 Rd6 38. Ke3 Re6+ 39. Kf2 Rd6 40. Bb6 Rd5 41. g4 f5 42. gxf5 Rxf5 43.
Rxa6 Rxh5 44. Ra8+ Ke7 45. a6 Rb5 46. Bd4 Ra5 47.
Bxg7 h5 48. a7 Bc6 49. Rh8 Rxa7 50. Rxh5 Ra2+ 51. Kg3 Ra3 52. Rf5 Rxf3+ 53. Rxf3 Bxf3 1/2-1/2

[Event "Late-Titled-Tuesday-Blitz-February-13-2024"]
[Site "Chess.com"]
[Date "2024.02.13"]
[Round "6"]
[White "Pelopidass"]
[Black "Szparu"]
[Result "0-1"]
[WhiteElo "2575"]
[BlackElo "2779"]
[TimeControl "180+1"]
[EndTime "15:07:36 PST"]
[Termination "Szparu won on time"]

1. d4 d5 2. Nf3 Nf6 3. c4 e6 4. e3 b6 5. Nbd2 Bb7 6. Bd3 Nbd7 7. O-O Bd6 8. b3 Ne4 9. Bb2 f5 10. cxd5 exd5 11. Ne5 O-O 12. f4 c5 13. Bb5 Ndf6 14. Nxe4 Nxe4 15. dxc5 Bxc5 16. Qe2 Qe7 17. Rfd1 Rac8 18. a3 Rfd8 19. b4 Bd6 20. Rac1 Bxe5 21. Bxe5 Rxc1 22. Rxc1 Rc8 23. Rxc8+ Bxc8 24. Qc2 Bb7 25.
Bd4 h5 26. Be2 h4 27. Qa4 Bc8 28. Qc6 Be6 29. Qa8+ Kh7 30. Qb8 h3 31. g3 Qd7 32.
Qe5 Nf6 33. Kf2 Qc8 34. Bd1 Ne4+ 35. Kg1 Qd7 36. Be2 Kh6 37. g4 fxg4 38. Bd3 Bf5 39. Bxe4 Bxe4 40. Qg5+ Kh7 41. Kf2 Kg8 42. Kg3 Bf5 43.
Kh4 g6 44. Kg3 Qf7 45. Qd8+ Qf8 46. Qxf8+ Kxf8 0-1

[Event "Late-Titled-Tuesday-Blitz-February-13-2024"]
[Site "Chess.com"]
[Date "2024.02.13"]
[Round "6"]
[White "SmirnovTimofey2000"]
[Black "expii"]
[Result "0-1"]
[WhiteElo "1970"]
[BlackElo "2176"]
[TimeControl "180+1"]
[EndTime "15:07:37 PST"]
[Termination "expii won on time"]

1. e4 c5 2. c3 d6 3. d4 cxd4 4.
cxd4 g6 5. Nc3 Bg7 6. Nf3 Nc6 7. Be2 e6 8. O-O Nge7 9. Bg5 O-O 10. a3 h6 11. Bh4 g5 12. Bg3 d5 13. e5 Nf5 14.
Qd2 a6 15. h4 g4 16. Nh2 h5 17. Bxg4 hxg4 18. Nxg4 Ncxd4 19. Ne3 Nxe3 20. fxe3 Nf5 21. Bf2 Bxe5 22. e4 dxe4 23. Qxd8 Rxd8 24. Nxe4 Bd7 25.
Rfd1 Bc6 26. Ng5 Ng7 27. Bb6 Rxd1+ 28. Rxd1 Bf6 29. Nf3 Bxf3 30. gxf3 Bxh4 31. Kg2 Bf6 32. Kg3 Bxb2 33. a4 Bf6 34. Kg4 Rc8 35. Kg3 Kh7 36. f4 Kg6 37. Kg4 Nf5 38. Kf3 Rc3+ 39. Ke4 Rc4+ 40. Kf3 Rxa4 41. Rg1+ Kh7 42. Rh1+ Kg8 43.
Rg1+ Ng7 44. Bc5 b5 45. Bb6 Rc4 46. Ke3 b4 47. Rb1 Rc3+ 48. Ke4 b3 0-1